 Dungeon Crawl Stone Soup version 0.27.1-34-g3ba077fa99 (webtiles) character file.

Game seed: 9350759796861391378

263 LLlMATKO the Chopper (level 5, -1/48 HPs)
             Began as a Minotaur Berserker on Jan 30, 2022.
             Was a Priest of Trog.
             Succumbed to an adder's poison
             ... on level 4 of the Dungeon.
             The game lasted 00:03:11 (2439 turns).

LLlMATKO the Chopper (Minotaur Berserker)           Turns: 2439, Time: 00:03:11

Health: -1/48      AC: 14    Str: 22    XL:     5   Next: 98%
Magic:  4/4        EV:  7    Int:  4    God:    Trog [***...]
Gold:   77         SH:  0    Dex: 10    Spells: 4/4 levels left

rFire    . . .     SeeInvis .   a - +1 hand axe
rCold    + . .     Faith    .   (no shield)
rNeg     . . .     Spirit   .   g - +0 plate armour
rPois    .         Reflect  .   (helmet restricted)
rElec    .         Harm     .   l - +0 cloak
rCorr    .         Rampage  .   i - +0 pair of gloves
Will     .....                  (no boots)
Stlth    ..........             (no amulet)
HPRegen  0.16/turn              b - ring of protection from cold
MPRegen  0.09/turn              (no ring)

@: lethally poisoned (-1 -> -3), on berserk cooldown, slowed, very slow
A: horns 2, retaliatory headbutt
a: Renounce Religion, Berserk, Trog's Hand


You were on level 4 of the Dungeon.
You worshipped Trog.
Trog was most pleased with you.
You visited 1 branch of the dungeon, and saw 4 of its levels.

You collected 77 gold pieces.

Inventory:

Hand Weapons
 a - a +1 hand axe (weapon)
Missiles
 c - 4 silver boomerangs (quivered)
 h - 43 bolts
Armour
 g - a +0 plate armour (worn)
 i - a +0 pair of gloves (worn)
 l - a +0 cloak (worn)
Jewellery
 b - a ring of protection from cold (left hand)
Potions
 d - 2 potions of curing {unknown}
 j - 2 potions of flight {unknown}


   Skills:
 + Level 5.0 Fighting
 + Level 5.1 Axes
 + Level 4.3 Armour
 + Level 3.9 Dodging


You had 4 spell levels left.
You didn't know any spells.
Your spell library was empty.

Dungeon Overview and Level Annotations

Branches:
Dungeon (4/15)
 Temple: D:4-7

Altars:
Fedhas
Makhleb

Shops:
D:3 :


Innate Abilities, Weirdness & Mutations

You have a pair of horns on your head.
You reflexively headbutt those who attack you in melee.


Message History

You kill the gnoll!
Trog accepts your kill.
Things that are here:
a +0 spear; a scroll of teleportation You feel a strong urge to attack something.
You barely miss the gnoll.
You are no longer berserk.
You are exhausted.
You feel yourself slow down. The gnoll hits you but does no damage.
You barely miss the gnoll.
You headbutt the gnoll, but do no damage.
You closely miss the orc. The gnoll hits you with a +0 spear.
* * * LOW HITPOINT WARNING * * *
The adder bites you.
* * * LOW HITPOINT WARNING * * *
The orc barely misses you.
You hit the gnoll but do no damage.
Your plate armour prevents you from hitting the adder.
You hit the orc but do no damage. The adder bites you.
* * * LOW HITPOINT WARNING * * *
You are poisoned.
The adder poisons you! The gnoll barely misses you.
The orc hits you with a +0 whip.
* * * LOW HITPOINT WARNING * * *
The adder barely misses you. The gnoll hits you but does no damage.
The orc hits you but does no damage.
You slash the gnoll!
The gnoll is severely wounded.
You completely miss the orc. You miss the adder.
You feel sick. The adder bites you but does no damage.
The gnoll hits you but does no damage. The orc hits you with a +0 whip.
* * * LOW HITPOINT WARNING * * *
The adder barely misses you. You furiously retaliate!
You headbutt the adder. The gnoll hits you with a +0 spear.
* * * LOW HITPOINT WARNING * * *
You slash the gnoll!
You kill the gnoll!
Trog accepts your kill.
You hit the adder. You closely miss the orc.
You die...

# .# #####.#
..... #).#
###..#
##.)).######.
#..#.@).....#
##.##oS.####.#
#..#..#...
#.##.#####.#
#.##.# #
#####.##.#
#.....##.###
#.#####....#
###.# #<...#


You could see an adder and an orc.

Vanquished Creatures
  Crazy Yiuf (D:2)
  Jessica (D:2)
  An orc wizard (D:2)
  7 gnolls (D:4)
  4 adders
  A white imp (D:3)
  2 worms
  A dart slug (D:1)
  8 orcs (D:2)
  5 ball pythons
  3 bats
  11 endoplasms
  2 giant cockroaches (D:4)
  4 goblins
  7 hobgoblins
  8 kobolds
  2 quokkas (D:2)
  2 frilled lizards (D:1)
  5 rats
75 creatures vanquished.

Notes
Turn   | Place    | Note
-------+----------+-------------------------------------------
     0 | D:1      | LLlMATKO the Minotaur Berserker began the quest for the
                  | Orb.
     0 | D:1      | Reached XP level 1. HP: 19/19 MP: 0/0
   101 | D:1      | Reached XP level 2. HP: 22/27 MP: 1/1
   598 | D:1      | Reached XP level 3. HP: 33/33 MP: 2/2
   856 | D:2      | Reached ** piety under Trog
   929 | D:2      | Reached XP level 4. HP: 36/40 MP: 3/3
  1198 | D:2      | Found a runed translucent door.
  1199 | D:2      | Noticed Crazy Yiuf
  1283 | D:2      | Noticed Jessica
  1294 | D:2      | Killed Jessica
  1548 | D:2      | Killed Crazy Yiuf
  1549 | D:2      | Reached XP level 5. HP: 47/47 MP: 4/4
  1627 | D:3      | Found a blossoming altar of Fedhas.
  1694 | D:3      | Found Zuotelax's Book Boutique.
  1702 | D:3      | Found a burning altar of Makhleb.
  2339 | D:4      | Reached *** piety under Trog
  2340 | D:4      | Reached skill level 5 in Axes
  2342 | D:4      | Reached skill level 5 in Fighting
  2438 | D:4      | HP: 1/48 [gnoll (5)]
  2439 | D:4      | Succumbed to an adder's poison

Illustrated notes

Levels and vault maps discovered:
D:1:      lemuel_arrival_muddy, layout_loops_ring
D:2:      layout_rooms, uniq_jessica, uniq_crazy_yiuf_cottage
D:3:      layout_basic, fedhas_ov_isle_minmay, nicolae_overflow_crystal_walls,
          serial_shops, nicolae_shop_temple_entry_statues_fountains,
          chequers_serial_rivers_large_b
D:4:      layout_rooms, general_overflow_altar, amethyst_overflow_temple_binary,
          minmay_temple_entry_arrows, gup_sewer_entry_pipe

Skill      XL: |  1  2  3  4  5 |
---------------+----------------+-----
Fighting       | 4 5 |  5.0
Axes           | 4 5 |  5.1
Armour         | 3 4 |  4.3
Dodging        | 3 |  3.9

Action                   |  1- 3 |  4- 6 || total
-------------------------+-------+-------++-------
Melee: Hand axe          |    61 |    89 ||   150
       Headbutt          |    11 |    14 ||    25
Throw: Boomerang         |     1 |     2 ||     3
Invok: Berserk           |     1 |     5 ||     6
  Use: Scroll            |       |     6 ||     6
Armor: Animal skin       |     4 |       ||     4
       Plate armour      |    20 |    60 ||    80
Dodge: Dodged            |    32 |    41 ||    73
